 Dungeon Crawl Stone Soup version 0.25-a0-589-g1e14c549ee (webtiles) character file.

Game seed: 16261592346914586911, levelgen mode: deterministic

121 ReteAZ the Shield-Bearer (level 5, -4/33 HPs)
             Began as a Gargoyle Fighter on Mar 13, 2020.
             Killed by divine providence
             ... invoked by an orc priest
              (14 damage)
             ... on level 3 of the Dungeon.
             The game lasted 00:01:55 (1819 turns).

ReteAZ the Shield-Bearer (Gargoyle Fighter)         Turns: 1819, Time: 00:01:56

Health: -4/33      AC: 12    Str: 19    XL:     5   Next: 5%
Magic:  5/5        EV:  7    Int: 10    God:
Gold:   137        SH:  9    Dex:  9    Spells: 4/4 levels left

rFire    . . .     SeeInvis .   e - +2 dagger (speed)
rCold    . . .     Gourm    .   b - +0 kite shield
rNeg     + . .     Faith    .   a - +0 scale mail
rPois    ∞         Spirit   .   r - +0 helmet
rElec    +         Reflect  .   (no cloak)
rCorr    .         Harm     .   (no gloves)
MR       .....                  (no boots)
Stlth    ..........             (no amulet)
HPRegen  0.11/turn              (no ring)
MPRegen  0.09/turn              (no ring)

@: no status effects
A: negative energy resistance 1, electricity resistance, unbreathing,
petrification resistance, rot immunity, AC +4
a: no special abilities


You were on level 3 of the Dungeon.
You were not hungry.

You visited 1 branch of the dungeon, and saw 3 of its levels.

You collected 137 gold pieces.

Inventory:

Hand Weapons
 e - a +2 dagger of speed (weapon)
Missiles
 f - 15 poisoned darts (quivered)
Armour
 a - a +0 scale mail (worn)
 b - a +0 kite shield (worn)
 j - a +0 tower shield
 r - a +0 helmet (worn)
Jewellery
 p - an uncursed amulet of regeneration {unknown}
Scrolls
 g - a scroll of remove curse {unknown}
 h - 2 scrolls of teleportation {unknown}
 i - 3 scrolls of identify {unknown}
 l - a scroll of fear {unknown}
 m - a scroll of immolation {unknown}
 t - a scroll of enchant armour {unknown}
Potions
 c - a potion of might
 k - 2 potions of berserk rage {unknown}
 n - a potion of heal wounds {unknown}
 o - 2 potions of mutation {unknown}
 q - a potion of brilliance {unknown}
Comestibles
 d - 5 rations
 s - 3 chunks of flesh


   Skills:
 + Level 4.0 Fighting
 + Level 4.0 Armour
 + Level 4.0 Shields
 * Level 3.5 Unarmed Combat


You had 4 spell levels left.
You didn't know any spells.
Your spell library was empty.

Dungeon Overview and Level Annotations

Branches:
Dungeon (3/15)

Altars:
Uskayaw
Vehumet


Innate Abilities, Weirdness & Mutations

You are resistant to torment.
Your stone body is resilient. (AC +4)
You are immune to poison.
You resist negative energy. (rN+)
You are resistant to electric shocks. (rElec)
You can survive without breathing.
You are immune to petrification.
You are immune to rotting.


Message History

You are too injured to fight recklessly!
You are too injured to fight recklessly!
You are too injured to fight recklessly!
You are too injured to fight recklessly!
You are too injured to fight recklessly!
You are too injured to fight recklessly!
You are too injured to fight recklessly!
You are too injured to fight recklessly!
You are too injured to fight recklessly!
You see here a +0 club.
The orc wizard casts a spell.
The orc wizard flickers and vanishes!
Deactivating autopickup; reactivate with Ctrl-A.
The orc priest mumbles some strange prayers to Beogh against you.
Beogh smites you!
* * * LOW HITPOINT WARNING * * *
The orc priest casts a cantrip, but nothing happens.
The orc priest mumbles some strange prayers to Beogh against you.
Beogh smites you!
You die...

# #.#.#.# #.##. #.# #.# #.# #..#÷
#.# # #.# ##.#. ####+# #.# #.#
#.o. #....# # #.# #.# ##..
#.##.#.# #.# #.######..
#.##.#.###.###.# #.#...o...
#..............# #.#o#####.
#..#.#.###@#######.#.##....
#...<..<#...o...og.#.##[###
#...##.##..#######.........
#........... ##........
#.##.>##.#.... ##........
#####......#.#....# #.........
...######..#.#..... #.........
...........#.#.#########..<......
...........#.#. ..............


You could see an orc priest, an orc and a goblin.

Vanquished Creatures
  Terence (D:2)
  5 adders
  3 worms (D:2)
  A dart slug (D:2)
  A leopard gecko (D:1)
  An orc (D:2)
  2 giant cockroaches
  6 goblins
  8 hobgoblins
  5 bats
  2 frilled lizards (D:1)
  4 kobolds
  4 rats (D:1)
43 creatures vanquished.

Notes
Turn   | Place    | Note
-------+----------+-------------------------------------------
     0 | D:1      | ReteAZ the Gargoyle Fighter began the quest for the Orb.
     0 | D:1      | Reached XP level 1. HP: 14/14 MP: 1/1
   168 | D:1      | Reached XP level 2. HP: 18/19 MP: 2/2
   786 | D:2      | Reached XP level 3. HP: 23/23 MP: 3/3
   875 | D:2      | Found a radiant altar of Vehumet.
  1116 | D:2      | Noticed Terence
  1142 | D:2      | Killed Terence
  1142 | D:2      | Reached XP level 4. HP: 23/29 MP: 4/4
  1205 | D:2      | Found a hide-covered altar of Uskayaw.
  1766 | D:3      | Reached XP level 5. HP: 28/33 MP: 5/5
  1819 | D:3      | Killed from afar by an orc priest

Levels and vault maps discovered:
D:1:      dpeg_arrival_pits, layout_basic
D:2:      layout_basic, eat_drink_and_be_merry_uskayaw, vehumet_crystals,
          minmay_pentomino_pile, uniq_terence
D:3:      layout_basic, grunt_temple_overflow_gold_and_silver,
          grunt_dithmenos_smoke

Skill      XL: |  1  2  3  4 |
---------------+-------------+-----
Unarmed Combat | 3 |  3.5
Shields        | 4 |  4.0
Fighting       | 4 |  4.0
Armour         | 4 |  4.0

Action                   |  1- 3 |  4- 6 || total
-------------------------+-------+-------++-------
Melee: Unarmed           |    37 |       ||    37
       Dagger            |   105 |    83 ||   188
  Eat: Chunk             |     1 |     2 ||     3
Armor: Scale mail        |    43 |    36 ||    79
Dodge: Dodged            |    30 |    22 ||    52
Block: Kite shield       |    44 |    33 ||    77

Table legend:
 A = Non-vault XP
 B = Vault XP
 C = Vault XP percentage of total XP
 D = Non-vault monster count
 E = Vault monster count
 F = Vault count percentage of total count
                 A         B        C        D         E       F
            +---------+---------+-------+---------+---------+-------
      Total |     134 |      39 |  22.5 |      40 |       3 |   7.0
            +---------+---------+-------+---------+---------+-------
        D:1 |      27 |       0 |   0.0 |      18 |       0 |   0.0
        D:2 |      71 |      39 |  35.5 |      14 |       3 |  17.6
        D:3 |      36 |       0 |   0.0 |       8 |       0 |   0.0
            +---------+---------+-------+---------+---------+-------
